 Dungeon Crawl Stone Soup version 0.20-a0-1116-gaa52201 (webtiles) character file.

18702 Angani the Stormcaller (level 12, 0/68 HPs)
             Began as a Tengu Air Elementalist on May 8, 2017.
             Was a High Priest of Vehumet.
             Slain by a porcupine (5 damage)
             ... on level 3 of the Lair of Beasts.
             The game lasted 00:53:12 (19616 turns).

Angani the Stormcaller (Tengu Air Elementalist)    Turns: 19616, Time: 00:53:13

Health: 0/68       AC:  3    Str: 14    XL:     12   Next: 61%
Magic:  11/36      EV: 15    Int: 22    God:    Vehumet [*****.]
Gold:   215        SH:  0    Dex: 18    Spells: 13/32 levels left

rFire    . . .     SeeInvis .   h - +7 hand axe of Kifan {drain, *Drain Int+2 Stlth+}
rCold    + + .     Gourm    .   (no shield)
rNeg     . . .     Faith    +   w - +0 leather armour of Maduuqaxt {rC+ MP+9 Dex+3} (curse)
rPois    .         Spirit   .   (helmet restricted)
rElec    .         Reflect  .   (no cloak)
rCorr    .         Harm     .   (no gloves)
MR       +....     Rnd*Tele +   (boots unavailable)
Stlth    +++.......             t - amulet of faith
Regen    0.3/turn               d - ring of protection from cold
MPRegen  0.3/turn               y - ring of wizardry

@: mighty
A: beak, talons 3, magic resistance 1, teleportitis 1, able to fly 1
a: Fly, Renounce Religion


You were on level 3 of the Lair of Beasts.
You worshipped Vehumet.
Vehumet was extremely pleased with you.
You were not hungry.

You visited 2 branches of the dungeon, and saw 14 of its levels.

You collected 711 gold pieces.
You spent 496 gold pieces at shops.

Inventory:

Hand Weapons
 h - the +7 hand axe of Kifan (weapon) {drain, *Drain Int+2 Stlth+}
   (You found it on level 4 of the Dungeon)

   A truly terrible weapon, it drains the life of those it strikes.
   It affects your intelligence (+2).
   It causes draining when unequipped.
   It makes you more stealthy.
 Q - the +6 long sword "Leluil" {slice, +Rage MR++, unknown}
   (You found it on level 11 of the Dungeon)

   It inflicts extra damage upon your enemies.
   It affects your resistance to hostile enchantments.
   It lets you go berserk.
Armour
 w - the cursed +0 leather armour of Maduuqaxt (worn) {rC+ MP+9 Dex+3}
   (You bought it in a shop on level 6 of the Dungeon)

   It affects your dexterity (+3).
   It protects you from cold.
   It affects your magic capacity (+9).
   It has a curse placed upon it.
Jewellery
 d - a ring of protection from cold (left hand)
 t - an amulet of faith (around neck)
 y - a ring of wizardry (right hand)
 z - an uncursed ring of ice
 O - an uncursed ring of protection from cold
 S - an uncursed amulet of guardian spirit {unknown}
Wands
 a - a wand of acid (15/15)
 p - a wand of digging (13/24)
 A - a wand of disintegration (13/24)
 B - a wand of paralysis (11/24)
 I - a wand of polymorph (7/24)
 K - a wand of flame (35/48)
 T - a wand of acid (4/15)
Scrolls
 f - 3 scrolls of amnesia
 i - a scroll of immolation
 r - 6 scrolls of remove curse
 s - 3 scrolls of enchant armour
 u - 3 scrolls of enchant weapon
 E - a scroll of recharging
 F - 3 scrolls of teleportation
 J - a scroll of magic mapping
 U - a scroll of silence {unknown}
Potions
 e - a potion of curing
 g - 2 potions of resistance
 j - 4 potions of might
 m - 2 potions of brilliance
 n - 6 potions of lignification
 v - 2 potions of ambrosia
 C - 2 potions of cancellation
 D - a potion of magic
Books
 b - a book of Air

   Spells                             Type                      Level
   a - Shock                          Conjuration/Air              1
   b - Swiftness                      Charms/Air                   2
   c - Static Discharge               Conjuration/Air              3
   d - Airstrike                      Air                          4
   e - Lightning Bolt                 Conjuration/Air              5
 q - a book of Maledictions

   Spells                             Type                      Level
   a - Corona                         Hexes                        1
   b - Ensorcelled Hibernation        Hexes/Ice                    2
   c - Confuse                        Hexes                        3
   d - Tukima's Dance                 Hexes                        3
   e - Dazzling Spray                 Conjuration/Hexes            3
 N - a book of Party Tricks

   Spells                             Type                      Level
   a - Summon Butterflies             Summoning                    1
   b - Apportation                    Translocation                1
   c - Lesser Beckoning               Translocation                3
   d - Tukima's Dance                 Hexes                        3
   e - Alistair's Intoxication        Transmutation/Poison         5
   f - Invisibility                   Hexes                        6
Miscellaneous
 l - a fan of gales
 M - a crystal ball of energy
Comestibles
 c - 8 bread rations
 k - 10 meat rations
 L - 4 royal jellies
 W - 3 chunks of flesh


   Skills:
 - Level 5.0 Fighting
 - Level 5.0 Armour
 - Level 5.0 Dodging
 - Level 2.0 Stealth
 + Level 10.6 Spellcasting
 - Level 12.0 Conjurations
 - Level 15.0 Air Magic


You had 13 spell levels left.
You knew the following spells:

 Your Spells              Type           Power        Failure   Level  Hunger
a - Shock                 Conj/Air       ####         1%          1    None
b - Swiftness             Chrm/Air       #####...     1%          2    None
c - Static Discharge      Conj/Air       ######..     1%          3    None
d - Airstrike             Air            ######....   1%          4    #......
e - Lightning Bolt        Conj/Air       ######....   1%          5    ####...
f - Mephitic Cloud        Conj/Pois/Air  ######..     1%          3    None
g - Summon Butterflies    Summ           ##......     2%          1    None


Dungeon Overview and Level Annotations

Branches:
Dungeon (11/15)            Temple (0/1) D:4            Lair (3/6) D:11
 Shoals (0/4) Lair:3       Spider (0/4) Lair:3          Orc (0/2) D:11

Altars:
Dithmenos
Hepliaklqana
Nemelex Xobeh
Okawaru
Vehumet

Shops:
D:5 (   D:6 [   D:9 [

Annotations:
D:3 Infinimo's ghost, amateur HaFi
Lair:3 Gastronok


Innate Abilities, Weirdness & Mutations

You have a beak for a mouth.
You have claws for feet.
You can fly.
You are resistant to hostile enchantments. (MR+)
You are occasionally teleported next to monsters.


Message History

You slash Gastronok! You drain Gastronok! You claw Gastronok.
Gastronok is severely wounded.
You closely miss the blink frog. You completely miss the porcupine.
You closely miss the blink frog.
The blink frog blinks!
The porcupine barely misses you.
Gastronok looks at you and mumbles some strange words.
You resist with some effort.
The blink frog completely misses the fungus.
Unknown command.
Unknown command.
You slash Gastronok! You drain Gastronok! You claw Gastronok.
Gastronok is almost dead.
You hit the porcupine. You drain the porcupine! You slash the blink frog!
You drain the blink frog! The blink frog closely misses you.
The porcupine bites you.
* * * LOW HITPOINT WARNING * * *
The blink frog blinks!
The blink frog hits you!
* * * LOW HITPOINT WARNING * * *
The blink frog blinks!
The porcupine bites you.
You die...

,,,,* *.........P.!,,,,***, ,*,**
#...........#*,*** *, ,*****
#.......t#..##** *, *,,*,*
#*##............# ** *,,,,**
#.#.....#.......# *
**,,,,****...............####
*,,,,,,****...P§.#....##...#
***,,,,,#######Fr####.##P...#####
,,,,,,,,...§...w@...............#
**,,,,,,..#P../†##.##..#........<
*,,,*,,.........#####.#.......>.
**,,,,,,..##....## ###....#####
*,,,,*,,.**###F.# ##P###
*,,,,**,*,* #### ### *,,,*******
,,,,* *****


You could see Gastronok, 2 blink frogs, a crocodile (wandering) and a porcupine.

Vanquished Creatures
  A hydra (Lair:1)
  Erica (D:11)
  3 two-headed ogres
  3 manticores
  An ugly thing (D:11)
  A black mamba (Lair:2)
  2 spiny frogs
  3 komodo dragons
  A queen bee (D:9)
  A troll (D:11)
  4 blink frogs
  3 hippogriffs
  A meliai zombie (D:11)
  A shadow (D:8)
  A wyvern (D:10)
  A vampire (D:11)
  12 yaks
  2 basilisks
  A steam dragon (D:11)
  An acid dragon (D:11)
  6 orc warriors
  6 water moccasins
  5 porcupines
  A black bear (D:9)
  4 sky beasts
  A necrophage (D:8)
  4 ice beasts
  2 phantoms
  3 ogres
  5 centaurs
  A crocodile (Lair:1)
  A big kobold (D:9)
  16 bullfrogs
  8 scorpions
  17 killer bees (D:9)
  8 howler monkeys
  A wight (D:8)
  3 crimson imps
  A bullfrog zombie (D:11)
  2 centaur zombies
  7 hounds
  A quasit (D:11)
  6 orc priests
  A gnoll shaman (D:8)
  13 orc wizards
  2 bullfrog skeletons
  8 worker ants
  A killer bee zombie (D:10)
  A hound zombie (D:9)
  3 worker ant zombies
  12 gnolls
  7 adders
  3 shadow imps
  2 adder zombies
  An adder skeleton (D:7)
  6 leopard geckos
  39 orcs
  7 giant cockroaches
  10 goblins
  6 hobgoblins
  3 jackals (D:2)
  10 kobolds
  A quokka (D:2)
  2 ball pythons (D:3)
  7 bats
  10 frilled lizards
  A quokka skeleton (D:6)
  5 rats
314 creatures vanquished.

Vanquished Creatures (others)
  4 fungi
  2 plants
6 creatures vanquished.

Grand Total: 320 creatures vanquished

Notes
Turn   | Place    | Note
-------+----------+-------------------------------------------
     0 | D:1      | Angani the Tengu Air Elementalist began the quest for the Orb.
     0 | D:1      | Reached XP level 1. HP: 10/10 MP: 4/4
   241 | D:1      | Reached XP level 2. HP: 15/15 MP: 4/6
   444 | D:1      | Reached skill level 5 in Air Magic
   491 | D:1      | Reached XP level 3. HP: 2/19 MP: 3/7
  1528 | D:2      | Reached skill level 6 in Air Magic
  1646 | D:2      | Reached XP level 4. HP: 24/24 MP: 4/8
  2252 | D:3      | Learned a level 3 spell: Static Discharge
  2518 | D:3      | Found a radiant altar of Vehumet.
  2530 | D:3      | Became a worshipper of Vehumet
  2539 | D:3      | Noticed Infinimo's ghost (amateur HaFi)
  2650 | D:3      | Learned a level 2 spell: Swiftness
  2849 | D:3      | Found a hazy altar of Hepliaklqana.
  3130 | D:4      | Reached skill level 7 in Air Magic
  3153 | D:4      | Gained mutation: You can fly. [Tengu growth]
  3153 | D:4      | Reached XP level 5. HP: 23/28 MP: 0/9
  3375 | D:4      | Reached skill level 8 in Air Magic
  3504 | D:4      | Got a fine hand axe
  3505 | D:4      | Identified the +7 hand axe of Kifan {drain, *Drain Int+2 Stlth+} (You found it on level 4 of the Dungeon)
  3548 | D:4      | Found a staircase to the Ecumenical Temple.
  3621 | D:4      | Reached XP level 6. HP: 32/32 MP: 5/10
  3862 | D:4      | Found a shadowy altar of Dithmenos.
  3862 | D:4      | Noticed a phantom
  3931 | D:4      | Killed a phantom
  3931 | D:4      | Reached * piety under Vehumet
  3931 | D:4      | Offered knowledge of Flame Tongue by Vehumet.
  4270 | D:3      | Found a sparkling altar of Nemelex Xobeh.
  4393 | D:5      | Entered Level 5 of the Dungeon
  4702 | D:5      | Learned a level 4 spell: Airstrike
  4820 | D:5      | Noticed an ice beast
  4828 | D:5      | Killed an ice beast
  4828 | D:5      | Reached XP level 7. HP: 36/36 MP: 6/14
  5044 | D:5      | Found Lyname's Antique Weapon Boutique.
  5485 | D:6      | Reached skill level 5 in Conjurations
  5600 | D:6      | Found Bopac's Armour Shop.
  5609 | D:6      | Got a brightly glowing plate armour
  5643 | D:5      | Reached skill level 1 in Fighting
  5737 | D:5      | Identified the +3 plate armour "Lowom" {Str+4} (You found it on level 6 of the Dungeon)
  5927 | D:6      | Reached XP level 8. HP: 34/48 MP: 1/15
  6328 | D:6      | Reached skill level 1 in Armour
  6400 | D:6      | Offered knowledge of Freeze by Vehumet.
  6435 | D:6      | Reached ** piety under Vehumet
  6947 | D:7      | Learned a level 5 spell: Lightning Bolt
  7322 | D:7      | Reached skill level 5 in Armour
  7816 | D:7      | Reached skill level 5 in Dodging
  7816 | D:7      | Reached XP level 9. HP: 52/52 MP: 5/16
  8467 | D:8      | Reached skill level 5 in Spellcasting
  8648 | D:8      | Found an iron altar of Okawaru.
  8909 | D:8      | Offered knowledge of Stone Arrow by Vehumet.
  9343 | D:8      | Gained mutation: Your body sometimes deteriorates upon taking damage. [mutagenic meat]
  9344 | D:8      | Lost mutation: Your body sometimes deteriorates upon taking damage. [mutagenic meat]
  9345 | D:8      | Gained mutation: You have a pair of small antennae on your head. [mutagenic meat]
  9346 | D:8      | Gained mutation: Armour fits poorly on your strangely shaped body. [mutagenic meat]
  9352 | D:8      | Noticed a cyclops
  9363 | D:9      | Noticed a two-headed ogre
  9380 | D:9      | Killed a two-headed ogre
  9380 | D:9      | Reached skill level 10 in Air Magic
  9382 | D:9      | Reached skill level 11 in Air Magic
  9384 | D:9      | Reached *** piety under Vehumet
  9613 | D:9      | Reached XP level 10. HP: 56/56 MP: 16/20
  9767 | D:9      | Noticed a two-headed ogre
 10000 | D:10     | Entered Level 10 of the Dungeon
 10187 | D:10     | Reached skill level 12 in Air Magic
 10380 | D:10     | Noticed a two-headed ogre
 10411 | D:9      | Offered knowledge of Mephitic Cloud by Vehumet.
 10733 | D:9      | Found Taoffiugh's Antique Armour Boutique.
 10916 | D:9      | Killed a two-headed ogre
 11390 | D:6      | Bought the cursed +0 leather armour of Maduuqaxt {rC+ MP+9 Dex+3} for 496 gold pieces
 11747 | D:8      | Learned a level 3 spell: Mephitic Cloud
 11772 | D:9      | Reached **** piety under Vehumet
 12005 | D:9      | Offered knowledge of Iskenderun's Battlesphere by Vehumet.
 12733 | D:10     | Killed a two-headed ogre
 12733 | D:10     | Reached XP level 11. HP: 49/61 MP: 3/24
 12919 | D:10     | Reached skill level 10 in Conjurations
 13124 | D:10     | Noticed a manticore
 13750 | D:10     | Killed a manticore
 14165 | D:11     | Noticed a manticore
 14167 | D:11     | Killed a manticore
 14268 | D:11     | Learned a level 1 spell: Summon Butterflies
 14348 | D:11     | Noticed a white ugly thing
 14360 | D:11     | Killed a white ugly thing
 14476 | D:11     | Noticed Erica
 14482 | D:11     | Killed Erica
 14609 | D:11     | Reached ***** piety under Vehumet
 14620 | D:11     | Offered knowledge of Force Lance by Vehumet.
 15117 | D:11     | Noticed a manticore
 15128 | D:11     | Killed a manticore
 15128 | D:11     | Reached skill level 10 in Spellcasting
 15347 | D:11     | Got a smoking long sword
 15678 | D:11     | Found a staircase to the Lair.
 15859 | D:11     | Found a staircase to the Orcish Mines.
 15982 | Lair:1   | Entered Level 1 of the Lair of Beasts
 16039 | Lair:1   | Noticed a four-headed hydra
 16051 | Lair:1   | Killed a four-headed hydra
 16051 | Lair:1   | Reached skill level 13 in Air Magic
 16051 | Lair:1   | Reached XP level 12. HP: 31/66 MP: 3/27
 16843 | Lair:1   | Reached skill level 14 in Air Magic
 16984 | Lair:1   | Offered knowledge of Iron Shot by Vehumet.
 18076 | Lair:1   | Reached skill level 15 in Air Magic
 18076 | Lair:1   | HP: 3/66 [/static electricity (4)]
 18599 | Lair:2   | Lost mutation: You have a pair of small antennae on your head. [potion of mutation]
 18599 | Lair:2   | Lost mutation: Armour fits poorly on your strangely shaped body. [potion of mutation]
 18599 | Lair:2   | Gained mutation: You are occasionally teleported next to monsters. [potion of mutation]
 18599 | Lair:2   | Gained mutation: You are resistant to hostile enchantments. (MR+) [potion of mutation]
 18731 | Lair:2   | Reached skill level 5 in Fighting
 19588 | Lair:3   | Noticed Gastronok
 19616 | Lair:3   | Slain by a porcupine

Vault maps used:
D:1:      nicolae_arrival_memento_mori
D:2:      first_bread
D:3:      vehumet_crystals, lemuel_coloured_pillars_altar,
          nicolae_overflow_crystal_walls
D:4:      minmay_temple_entry_glassed_door, grunt_dithmenos_shadows
D:5:      grunt_temple_overflow_open, serial_shops, nicolae_shop_trees,
          uniq_blork_the_orc
D:6:      serial_shops, shop
D:8:      kennysheep_blocky_room, marbit_many_paths, basic_altar,
          grunt_livestock, fedhas_altar_1
D:9:      serial_shops, shop, minivault_7
D:11:     grunt_lair_entry_orc_guard_hut, orc_0_dummy, kennysheep_windowed_goal,
          uniq_erica
Lair:1:   beast_lair_carwin_10, grunt_megastairs_2
Lair:2:   minivault_23, infiniplex_staircase_pool
Lair:3:   minmay_shoals_entry_centaurs, spider_nest_entry_funnel_web,
          portal_ice_cave_entry_pillars_1, uniq_urug, uniq_snorg, uniq_gastronok

Skill      XL: |  1  2  3  4  5  6  7  8  9 10 11 12 |
---------------+-------------------------------------+-----
Air Magic      | 5 6 7 8 11 12 13 15 | 15.0
Spellcasting   | 4 6 8 10 | 10.6
Conjurations   | 3 5 9 12 | 12.0
Fighting       | 3 4 5 |  5.0
Armour         | 5 |  5.0
Dodging        | 5 |  5.0
Stealth        | |  2.0

Action                   |  1- 3 |  4- 6 |  7- 9 | 10-12 || total
-------------------------+-------+-------+-------+-------++-------
Melee: Unarmed           |       |    14 |       |       ||    14
       Kick              |       |     5 |     6 |    16 ||    27
       Peck              |       |     1 |     1 |     6 ||     8
       Hand axe          |       |     1 |    27 |    70 ||    98
Throw: Throwing net      |       |       |       |     1 ||     1
 Cast: Shock             |    62 |   119 |   131 |   190 ||   502
       Static Discharge  |       |     3 |    30 |   108 ||   141
       Airstrike         |       |       |    14 |   187 ||   201
       Lightning Bolt    |       |       |     5 |       ||     5
       Mephitic Cloud    |       |       |       |     4 ||     4
  Use: Scroll            |     3 |     3 |     8 |     9 ||    23
       Potion            |       |     2 |     2 |     5 ||     9
 Stab: Sleeping          |       |       |     2 |     3 ||     5
  Eat: Chunk             |     3 |    11 |    15 |    33 ||    62
       Fruit             |       |       |     5 |     3 ||     8
       Royal jelly       |       |       |     1 |     3 ||     4
       Bread ration      |       |       |     1 |       ||     1
Armor: Robe              |     5 |     7 |     5 |     1 ||    18
       Leather armour    |       |       |       |    11 ||    11
Dodge: Dodged            |     7 |    21 |    56 |   198 ||   282
